Lewwlyr, lawful male human Caveman --------- ----- |.......| |...... --------- ----.......-------....... |.......| |.....h.........*........ |......------- |--*.T........)%.......... |..--........-----...@.).).....%........*.. --..--.-----........|..G..................--- --..--.* -----------.................)---.--- |...--. |..............---........ ----..----- -----........--- --------- |.........-- ---------- --*....---..-- ----..|..-- --..--------------------- ---....----- --..|..................--- |.......| --......................-.% ---.--.-- ----.^...............--- |.. .| |...............|..| ------ -------------------- Lewwlyr the Wanderer Experience level: 8 Strength: 18/15 Dexterity: 15 Constitution: 15 Intelligence: 11 Wisdom: 11 Charisma: 7 Health: 0(51) Energy: 34(34) Def: 13 Gold: 0 Moves: 8249 Dungeon seed: MXdKl-tQkj7ehiOV Game ID: Lewwlyr_1504293175 Your Inventory: Weapons a - a +1 club (weapon in hand) b - a +2 sling u - a +0 orcish short sword v - 14 +0 daggers (in quiver) C - 5 +0 darts Armor n - an uncursed +0 elven shield (being worn) q - an uncursed +0 elven cloak (being worn) w - an uncursed +0 pair of elven boots E - an uncursed +1 pair of elven boots (being worn) G - an uncursed +0 pair of gauntlets of dexterity (being worn) H - an uncursed +0 dwarvish iron helm (being worn) Y - an uncursed +0 elven mithril-coat (being worn) Comestibles k - 2 uncursed food rations O - 3 uncursed apricots Scrolls D - an uncursed scroll of teleportation Potions F - an uncursed potion of paralysis Rings V - a cursed ring of polymorph Wands j - a wand of magic missile (0:4) M - a wand of striking (0:4) Tools l - an uncursed pair of lenses (being worn) o - an uncursed lock pick B - an uncursed blindfold I - an uncursed tooled horn J - an uncursed towel W - an uncursed oil lamp (lit) (0:82) Z - a blessed bag of holding Gems e - 3 uncursed worthless pieces of violet glass r - an uncursed worthless piece of yellowish brown glass y - 2 uncursed worthless pieces of blue glass z - 2 uncursed worthless pieces of white glass K - an uncursed emerald N - 3 uncursed worthless pieces of green glass Contents of the bag of holding: 132 gold pieces a +0 aklys a +0 bow a +0 bow a cursed +0 bow 21 +0 darts a blessed +0 orcish short sword 27 poisoned +0 orcish arrows an uncursed +0 helm of brilliance an uncursed +0 pair of water walking boots an uncursed scroll of blank paper an uncursed scroll of enchant armor an uncursed potion of confusion an uncursed potion of fruit juice an uncursed potion of object detection a cursed potion of object detection an uncursed potion of speed an uncursed potion of water an uncursed ring of invisibility a wand of create monster (0:11) a wand of light (0:13) a wand of magic missile (0:6) a wand of make invisible (0:5) an uncursed brass lantern (0:1045) a can of grease (0:17) an uncursed leash an uncursed lock pick a magic marker (0:74) an uncursed magic whistle a +0 pick-axe an uncursed sack 3 blessed tallow candles (0:200) 27 uncursed tallow candles (0:200) 8 uncursed wax candles (0:400) 2 uncursed amethyst stones 14 uncursed flint stones 2 uncursed jet stones 14 uncursed rocks 2 uncursed worthless pieces of blue glass 2 uncursed worthless pieces of violet glass 7 uncursed worthless pieces of white glass 3 uncursed worthless pieces of yellowish brown glass Spells and supernatural/magical abilities: Name Level Category Fail Memory W - pray for help -- divine ? -- Your skills at the end: Fighting Skills bare handed combat [Basic] Weapon Skills club [Expert] sling [Basic] Spellcasting Skills Final Attributes: You were piously aligned. You were telepathic. You were stealthy. You were fast. You were lucky. You are dead. Vanquished creatures: 5 small mimics 2 crocodiles 2 winter wolf cubs a leprechaun an iron piercer 2 giant spiders an ice vortex a black light 3 gnome kings an owlbear a Green-elf a raven a gnome mummy a rope golem a Woodland-elf a bugbear 13 Uruk-hai a fog cloud 10 gnome lords 5 gnomish wizards a kobold mummy an elf zombie a little dog 3 floating eyes a kitten 2 dwarves 2 homunculi 2 rothes a rabid rat 2 orc zombies a wererat 2 werejackals an iguana 2 acid blobs 3 coyotes 2 gas spores 2 large kobolds a hobgoblin 3 cave spiders a brown mold a yellow mold a green mold 54 gnomes 3 garter snakes 5 geckos 16 jackals 2 foxes 3 kobolds 7 goblins 2 sewer rats 8 grid bugs 3 bats 5 lichens 5 kobold zombies 8 newts 211 creatures vanquished. Voluntary challenges: You had followed a strict vegan diet until turn 2041. You had followed a strict vegetarian diet until turn 2041. You used a wielded weapon 254 times, starting on turn 62. You read items or engraved 6 times, starting on turn 3305. You never genocided any monsters. You never polymorphed an object. You changed form 1 time, starting on turn 153. You used no wishes. You never split a pudding. You wrote Elbereth's name 2 times, starting on turn 3305. You never violated your personal moral code. Dungeon overview: The Dungeons of Doom: levels 1 to 6 Level 1 an altar to Anu a long staircase Level 2 a hardware shop Level 3 an armor shop Level 4 an altar to Anshar stairs to The Gnomish Mines Level 5 some fountains Level 6 The Gnomish Mines: levels 5 to 12 Level 5 stairs to The Dungeons of Doom Level 6 Level 7 many shops, a temple to Anshar, some fountains Level 8 Level 9 Level 10 Level 11 Level 12 <- You were here History has recorded: On T:1 you entered the Dungeons of Doom to retrieve the Amulet of Yendor! On T:964 you reached level 3 of The Dungeons of Doom. On T:1670 you advanced to experience level 2. On T:2194 you advanced to experience level 3. On T:2422 you reached level 4 of The Dungeons of Doom. On T:2993 you reached level 1 of The Gnomish Mines. On T:3109 you reached level 5 of The Dungeons of Doom. On T:3306 you advanced to experience level 4. On T:3506 you reached level 6 of The Dungeons of Doom. On T:4073 you advanced to experience level 5. On T:5424 you reached level 2 of The Gnomish Mines. On T:5449 you advanced to experience level 6. On T:5658 you reached level 3 of The Gnomish Mines. On T:6319 you advanced to experience level 7. On T:6940 you reached level 4 of The Gnomish Mines. On T:7020 you reached level 5 of The Gnomish Mines. On T:7178 you advanced to experience level 8. On T:7254 you reached level 6 of The Gnomish Mines. On T:7584 you reached level 7 of The Gnomish Mines. On T:7959 you reached level 8 of The Gnomish Mines. Score breakdown: Gold: 132 ( 7224 points) Experience: 8 levels (14739 points) Exploration: 12 levels ( 24.49%) (14361 points) Discoveries: 42 items ( 14.05%) (11243 points) Valuables value: (no points given unless you survive) Artifact value: 0 ( 0 points) Variety of kills: 55 monsters ( 14.44%) (11398 points) Turncount: 8249 turns (-2094 points) Survival: died (score multiplied by 80%) Total score: 45496 Latest messages: You hit the troll! The troll thrusts her hilted polearm. The troll hits! The troll misses. The troll bites! You hit the troll! The troll thrusts her hilted polearm. The troll hits! (2x) The troll misses. You hit the troll! The troll thrusts her hilted polearm. The troll hits! (2x) The troll misses. The dagger misses the dwarf. The dagger hits the gnome. The gnome is killed! The dagger hits the dwarf. The troll thrusts her hilted polearm. The troll hits! You die... The sack is empty. The sack is empty. Final status: Goodbye Lewwlyr the Caveman, killed by a troll... You died in The Gnomish Mines on dungeon level 12 with 45496 points, and 132 pieces of gold, after 8249 moves. You were level 8 with a maximum of 51 hit points when you died.